Map: Deathaura LE

Players

INnoVation - Winner!

  • Race: Terran Terran
  • League: Grandmaster
  • Spawn Location: 5:00

DPGZest (Zest)

  • Race: Protoss Protoss
  • League: Master
  • Spawn Location: 11:00

Event: StayAtHome Story Cup #3

VOD

Have the link to the VOD?

Description

Time

  • Played on: March 12, 2021, 11:10 a.m.
  • Length: 7:10

All games in this series

Show
View Real Time Build Order
Export as new Build Order

INnoVation Terran - Winner!

Build Orders:  

Get SALT Encoding   

  12  0:00  SCV  
  13  0:12  SCV  
  14  0:16  Supply Depot  
  14  0:24  SCV  
  15  0:38  SCV  
  15  0:39  Barracks  
  15  0:42  Refinery  
  16  0:50  SCV  
  16  0:52  Refinery  
  17  1:02  SCV  
  18  1:05  Supply Depot  
  18  1:14  SCV  
  19  1:26  Reaper  
  19  1:27  Orbital Command  
  20  1:41  Factory  
  20  1:53  SCV  
  21  1:59  Marine  
  22  2:05  SCV  
  23  2:15  Command Center  
  23  2:17  SCV  
  23  2:21  Barracks Reactor  
  24  2:25  Widow Mine  
  24  2:29  SCV  
  27  2:35  Starport  
  27  2:42  Supply Depot  
  27  2:45  SCV  
  27  2:49  Widow Mine  
  30  2:57  Marine  
  31  3:03  SCV, Marine  
  33  3:10  Widow Mine  
  33  3:11  Medivac  
  37  3:15  SCV  
  37  3:18  Marine  
  39  3:26  Marine  
  39  3:27  Orbital Command  
  40  3:28  SCV  
  40  3:32  Factory Tech Lab  
  41  3:36  Marine  
  41  3:40  SCV  
  43  3:44  Marine  
  44  3:49  Supply Depot  
  44  3:50  Cyclone  
  44  3:54  Viking  
  49  3:57  Marine  
  49  4:01  SCV x2  
  47  4:13  SCV x2  
  47  4:14  Marine  
  47  4:15  Marine  
  51  4:21  Supply Depot  
  51  4:23  Siege Tank  
  54  4:29  Viking  
  52  4:33  Marine  
  52  4:34  Marine  
  52  4:35  SCV x2  
  56  4:44  Supply Depot  
  54  4:47  SCV x2  
  54  4:51  Marine x2  
  58  4:55  Siege Tank  
  58  4:59  Viking  
  63  5:00  SCV x2  
  65  5:09  Marine x2, Supply Depot  
  65  5:14  SCV x2  
  68  5:16  Engineering Bay  
  68  5:26  SCV x2  
  68  5:27  Marine x2, Siege Tank  
  75  5:29  Viking  
  77  5:40  Supply Depot  
  77  5:42  SCV x2  
  79  5:44  Missile Turret x2  
  79  5:45  Marine x2  
  81  5:55  SCV x2  
  83  5:58  Supply Depot  
  83  5:59  Siege Tank  
  83  6:02  Marine  
  83  6:03  Marine  
  88  6:05  Viking  
  88  6:07  SCV x2  
  88  6:19  SCV x2  
  88  6:20  Marine x2  
  83  6:31  SCV x2, Siege Tank  
  86  6:36  Command Center  
  86  6:38  Marine x2  
  88  6:44  SCV x2  
Show
View Real Time Build Order
Export as new Build Order

DPGZest Protoss 

Build Orders: 1 Gate Expand, Oracle Opening, Phoenix Opening, Mass Phoenix 

Get SALT Encoding   

  12  0:00  Probe  
  13  0:12  Probe  
  14  0:17  Pylon  
  14  0:24  Probe (Chrono Boost)  
  15  0:36  Probe (Chrono Boost), Gateway  
  16  0:44  Probe (Chrono Boost)  
  16  0:46  Assimilator  
  17  0:51  Probe  
  18  1:03  Probe  
  19  1:15  Probe  
  20  1:24  Cybernetics Core  
  20  1:33  Nexus  
  20  1:37  Probe  
  21  1:43  Pylon  
  21  1:50  Probe  
  21  1:51  Assimilator  
  22  1:58  Adept (Chrono Boost)  
  24  2:02  Probe  
  25  2:14  Probe  
  26  2:18  Stargate  
  26  2:24  Adept  
  26  2:26  Probe  
  29  2:36  Warp Gate  
  29  2:41  Probe (Chrono Boost)  
  30  2:45  Probe (Chrono Boost)  
  32  2:54  Probe (Chrono Boost)  
  32  2:55  Probe (Chrono Boost), Adept  
  35  2:59  Probe (Chrono Boost)  
  35  3:01  Oracle (Chrono Boost)  
  35  3:02  Probe  
  40  3:11  Probe  
  40  3:12  Pylon  
  41  3:14  Probe  
  41  3:16  Pylon  
  42  3:24  Probe  
  42  3:26  Probe  
  44  3:28  Phoenix (Chrono Boost)  
  44  3:30  Gateway  
  46  3:38  Probe x2  
  48  3:44  Assimilator  
  48  3:47  Phoenix (Chrono Boost), Pylon  
  50  3:50  Probe  
  50  3:55  Probe  
  52  4:02  Probe  
  53  4:03  Phoenix (Chrono Boost)  
  53  4:07  Probe  
  56  4:18  Probe  
  57  4:24  Phoenix (Chrono Boost)  
  57  4:26  Probe  
  57  4:28  Nexus  
  57  4:30  Probe  
  50  4:38  Probe  
  50  4:43  Probe (Chrono Boost)  
  50  4:45  Phoenix  
  54  4:51  Probe (Chrono Boost), Twilight Council  
  55  4:57  Forge  
  56  5:00  Probe (Chrono Boost)  
  56  5:01  Pylon  
  56  5:03  Probe (Chrono Boost)  
  57  5:10  Phoenix (Chrono Boost)  
  57  5:11  Probe  
  60  5:17  Zealot, Sentry  
  64  5:24  Gateway  
  64  5:33  Phoenix (Chrono Boost)  
  66  5:38  Gateway  
  66  5:40  Zealot x2  
  66  5:42  Probe  
  71  5:43  Probe  
  71  5:45  Probe  
  73  5:51  Phoenix (Chrono Boost)  
  75  6:00  Zealot x2  
  75  6:03  Pylon  
  79  6:04  Probe x2  
  79  6:07  Pylon  
  79  6:09  Probe  
  82  6:16  Probe  
  63  6:27  Zealot x3  
  63  6:28  Phoenix  
  69  6:33  Zealot  
  64  6:51  Stalker x2  
  46  7:05  Zealot  
Tags
 
Add a new tag
Caveats
  • Supply blocks, unpowered buildings, or Contaminate may cause inaccurate times.
  • Supply counts are checked every 10 seconds.